 Dungeon Crawl Stone Soup version 0.28.0-53-g5a82cb258f (webtiles) character file.

Game seed: 1402062961300405449

106 Zeld the Magician (level 4, -2/24 HPs)
             Began as a Deep Elf Fire Elementalist on May 21, 2022.
             Killed by divine providence
             ... invoked by an orc priest
              (14 damage)
             ... on level 3 of the Dungeon.
             The game lasted 00:02:14 (2572 turns).

Zeld the Magician (Deep Elf Fire Elementalist)      Turns: 2572, Time: 00:02:15

Health: -2/24      AC:  3    Str:  5    XL:     4   Next: 55%
Magic:  2/12       EV: 13    Int: 22    God:
Gold:   122        SH:  0    Dex: 15    Spells: 1/11 levels left

rFire   . . .      SeeInvis .   (no weapon)
rCold   . . .      Faith    .   (no shield)
rNeg    . . .      Spirit   .   a - +0 robe
rPois   .          Reflect  .   (no helmet)
rElec   .          Harm     .   (no cloak)
rCorr   .          Rampage  .   e - +0 pair of gloves
Will    .....                   (no boots)
Stlth   ++........              (no amulet)
HPRegen 0.08/turn               (no ring)
MPRegen 0.13/turn               (no ring)

@: no status effects
A: no striking features
a: no special abilities


You were on level 3 of the Dungeon.
You visited 1 branch of the dungeon, and saw 3 of its levels.

You collected 122 gold pieces.

Inventory:

Armour
 a - a +0 robe (worn)
 e - a +0 pair of gloves (worn)
Scrolls
 b - 2 scrolls of enchant armour {unknown}
 c - a scroll of enchant weapon {unknown}
 f - a scroll of magic mapping {unknown}
 g - a scroll of fog {unknown}
 i - a scroll of teleportation {unknown}
 j - a scroll of fear {unknown}
 k - 2 scrolls of identify {unknown}
 m - a scroll of brand weapon {unknown}
Potions
 d - a potion of magic {unknown}
 h - 3 potions of curing {unknown}
 l - 3 potions of mutation {unknown}


   Skills:
 + Level 3.3 Dodging
 - Level 2.4 Stealth
 * Level 4.3 Spellcasting
 + Level 2.2 Conjurations
 * Level 4.3 Fire Magic


You had one spell level left.
You knew the following spells:

 Your Spells              Type           Power      Damage    Failure   Level
a - Foxfire               Conj/Fire      76%        2x1d7     2%          1
b - Scorch                Fire           46%        2d7       2%          2
c - Inner Flame           Hex/Fire       14%        N/A       13%         3
d - Flame Wave            Conj/Fire      19%        2d6       28%         4

Your spell library contained the following spells:

 Spells                   Type           Power      Damage    Failure   Level
 Conjure Flame            Conj/Fire      19%        6-21      9%          3
 Portal Projectile        Hex/Tloc       8%         N/A       32%         3
 Blade Hands              Tmut           2%         N/A       96%         5
 Excruciating Wounds      Necr           2%         N/A       96%         5


Dungeon Overview and Level Annotations

Branches:
Dungeon (3/15)

Altars:

Shops:
D:3 ?


Message History

An orc priest is nearby!
Casting: Scorch (safe; 2% risk of failure)
Confirm with . or Enter, or press ? or * to list all spells.
Flames lash the orc priest.
The orc priest is heavily wounded.
The orc priest's fire resistance burns away.
Casting: Scorch (safe; 2% risk of failure)
Confirm with . or Enter, or press ? or * to list all spells.
Flames lash the orc priest.
The orc priest is burned terribly!
The orc priest is severely wounded.
The orc priest hits you with a +0 dagger.
Unknown command.
Casting: Scorch (safe; 2% risk of failure)
Confirm with . or Enter, or press ? or * to list all spells.
Flames lash the orc priest.
The orc priest is burned terribly!
The orc priest is almost dead.
The orc priest misses you.
Unknown command.
Casting: Scorch (safe; 2% risk of failure)
Confirm with . or Enter, or press ? or * to list all spells.
You don't have enough magic to cast this spell.
Unknown command.
Casting: Scorch (safe; 2% risk of failure)
Confirm with . or Enter, or press ? or * to list all spells.
You don't have enough magic to cast this spell.
Casting: Scorch (safe; 2% risk of failure)
Confirm with . or Enter, or press ? or * to list all spells.
You conjure some foxfire!
The orc priest hits you with a +0 dagger.
Your foxfire dissipates!
The foxfire hits the orc priest.
The orc priest is almost dead.
The orc priest looks braver for a moment.
The orc priest begins to cast a cantrip, but forgets the words!
The orc priest calls down the wrath of Beogh upon you.
Pain shoots through your body!
The orc priest calls down the wrath of Beogh upon you.
Beogh smites you!
Ouch! That really hurt!
You die...

####### #$.!....
########.....###
#.....##..⌠.##.. .#
##.....##...##... .##
###.∩........##..._
..
.........##.##.....
.####
####....@..!#......
....
.........##..)...###
..#
#.#######.###.#..##..
..# ... #.# #o##.#
..###.# ###.# #..###
......# #..o###...##
#.#.###
####........⌠.##
##..#
#..............#
#.#.###
#.##..####........


You could see an orc priest.

Vanquished Creatures
  An orc wizard (D:3)
  An adder (D:2)
  A worm (D:2)
  A dart slug (D:1)
  3 orcs (D:3)
  3 ball pythons (D:1)
  7 endoplasms
  6 giant cockroaches
  4 hobgoblins
  2 jackals (D:2)
  4 quokkas
  5 bats
  5 frilled lizards
  10 goblins
  4 kobolds
  2 rats
59 creatures vanquished.

Vanquished Creatures (others)
  57 foxfires
57 creatures vanquished.

Grand Total: 116 creatures vanquished

Notes
Turn   | Place    | Note
-------+----------+-------------------------------------------
     0 | D:1      | Zeld the Deep Elf Fire Elementalist began the quest for the
                  | Orb.
     0 | D:1      | Reached XP level 1. HP: 10/10 MP: 6/6
   394 | D:1      | Reached XP level 2. HP: 15/15 MP: 2/8
   525 | D:1      | Learned a level 2 spell: Scorch
   653 | D:1      | Found a faded altar of an unknown god.
  1234 | D:2      | Reached XP level 3. HP: 19/19 MP: 0/10
  1238 | D:2      | Learned a level 3 spell: Inner Flame
  2118 | D:3      | Reached XP level 4. HP: 24/24 MP: 9/12
  2163 | D:3      | Learned a level 4 spell: Flame Wave
  2312 | D:3      | Found Onoh's Magic Scroll Boutique.
  2497 | D:3      | Found a faded altar of an unknown god.
  2572 | D:3      | Killed from afar by an orc priest

Illustrated notes

Levels and vault maps discovered:
D:1:      heliophobic_arrival_henge, layout_loops_cross,
          chequers_ecumenical_altar_simple_redux
D:2:      layout_rooms
D:3:      layout_loops_ring, nicolae_overflow_ecumenical_swirl, serial_shops,
          shop

Skill      XL: |  1  2  3 |
---------------+----------+-----
Dodging        | 3 |  3.3
Spellcasting   | 4 |  4.3
Fire Magic     | 4 |  4.3
Conjurations   | 2 |  2.2
Stealth        | |  2.4

Action                   |  1- 3 |  4- 6 || total
-------------------------+-------+-------++-------
Melee: Unarmed           |     5 |       ||     5
 Cast: Foxfire           |    35 |     1 ||    36
       Scorch            |    40 |    16 ||    56
Armor: Robe              |     1 |     1 ||     2
Dodge: Dodged            |    15 |     4 ||    19
